 Dungeon Crawl Stone Soup version 0.20.0-7-g3b7b877 (webtiles) character file.

74 HeyBub the Twirler (level 4, -4/37 HPs)
             Began as a Minotaur Gladiator on May 29, 2017.
             Was an Initiate of Ru.
             Slain by an orc
             ... wielding a +1 trident of protection
              (9 damage)
             ... on level 3 of the Dungeon.
             The game lasted 00:02:49 (1699 turns).

HeyBub the Twirler (Minotaur Gladiator)             Turns: 1699, Time: 00:02:50

Health: -4/37      AC:  3    Str: 20    XL:     4   Next: 9%
Magic:  3/3        EV: 13    Int:  5    God:    Ru [......]
Gold:   124        SH:  0    Dex: 11    Spells: 3/3 levels left

rFire    . . .     SeeInvis .   a - +0 quarterstaff
rCold    . . .     Gourm    .   (shield currently unavailable)
rNeg     . . .     Faith    .   b - +0 leather armour
rPois    .         Spirit   .   c - +0 hat
rElec    .         Reflect  .   (no cloak)
rCorr    .         Harm     .   (no gloves)
MR       .....                  (no boots)
Stlth    +.........             (no amulet)
Regen    0.2/turn               (no ring)
MPRegen  0.1/turn               (no ring)

@: no status effects
A: retaliatory headbutt, horns 2
a: Renounce Religion


You were on level 3 of the Dungeon.
You worshipped Ru.
Ru was noncommittal.
You were hungry.

You visited 1 branch of the dungeon, and saw 3 of its levels.

You collected 124 gold pieces.

Inventory:

Hand Weapons
 a - a +0 quarterstaff (weapon)
Missiles
 d - 3 throwing nets (quivered)
 l - 45 arrows
 m - 71 stones
Armour
 b - a +0 leather armour (worn)
 c - a +0 hat (worn)
Jewellery
 j - a +3 ring of intelligence {unknown}
Scrolls
 e - a scroll of remove curse {unknown}
 n - a scroll of blinking {unknown}
 o - 4 scrolls of identify {unknown}
 r - a scroll of enchant armour {unknown}
Potions
 i - a potion of degeneration {unknown}
 p - 2 potions of heal wounds {unknown}
 q - 2 potions of mutation {unknown}
Comestibles
 f - 2 bread rations
 g - 9 fruits
 k - a royal jelly


   Skills:
 - Level 2.4 Fighting
 + Level 5.8 Staves
 - Level 2.2 Throwing
 - Level 3.4 Dodging


You had 3 spell levels left.
You didn't know any spells.

Dungeon Overview and Level Annotations

Branches:
Dungeon (3/15)

Altars:
Ashenzari
Elyvilon
Fedhas
Ru
Uskayaw
Vehumet
Zin
The Shining One


Innate Abilities, Weirdness & Mutations

You reflexively headbutt those who attack you in melee.
You have a pair of horns on your head.


Message History

You hit the orc priest.
The orc priest is moderately wounded.
The orc priest hits you with a dagger. The orc hits you but does no damage.
You hit the orc priest but do no damage.
The orc priest is moderately wounded.
The orc priest closely misses you.
The orc hits you from afar with a trident of protection.
You are feeling hungry.
You hit the orc priest.
The orc priest is severely wounded.
The orc priest misses you.
The orc hits you from afar with a trident of protection.
You hit the orc priest but do no damage.
The orc priest is severely wounded.
The orc priest hits you but does no damage.
The orc priest invokes the aid of Beogh against you.
Beogh smites you!
* * * LOW HITPOINT WARNING * * *
The orc hits you from afar with a trident of protection!
You die...

...# #.......#
.....#.8...8.#
.....#.......#.
...............
....<......#
#.o#.##
##oo..##
#o#...##
#@##...#
#<#.....#
#.#......#
#.#........#
#.#.........
#.#.........
#.#####.####
### .#


You could see 2 orc priests and 2 orcs.

Vanquished Creatures
  2 adders (D:2)
  2 worms (D:2)
  2 dart slugs (D:1)
  3 leopard geckos (D:1)
  A giant cockroach (D:3)
  7 goblins
  7 hobgoblins
  A quokka (D:2)
  A bat (D:2)
  5 kobolds
  13 rats
44 creatures vanquished.

Notes
Turn   | Place    | Note
-------+----------+-------------------------------------------
     0 | D:1      | HeyBub the Minotaur Gladiator began the quest for the Orb.
     0 | D:1      | Reached XP level 1. HP: 18/18 MP: 0/0
   218 | D:1      | Reached skill level 4 in Staves
   226 | D:1      | Reached XP level 2. HP: 25/25 MP: 1/1
   250 | D:1      | HP: 1/25 [hobgoblin (1)]
   647 | D:1      | Reached XP level 3. HP: 28/30 MP: 2/2
  1049 | D:2      | Reached skill level 5 in Staves
  1453 | D:2      | Found a white marble altar of Elyvilon.
  1453 | D:2      | Found a glowing golden altar of the Shining One.
  1453 | D:2      | Found a glowing silver altar of Zin.
  1548 | D:2      | Reached XP level 4. HP: 35/37 MP: 3/3
  1581 | D:2      | Found a shattered altar of Ashenzari.
  1581 | D:2      | Found a radiant altar of Vehumet.
  1590 | D:2      | Found a sacrificial altar of Ru.
  1592 | D:2      | Found a blossoming altar of Fedhas.
  1593 | D:2      | Found a hide-covered altar of Uskayaw.
  1604 | D:2      | Became a worshipper of Ru the Awakened
  1699 | D:3      | Slain by an orc

Skill      XL: |  1  2  3 |
---------------+----------+-----
Staves         | 4 5 |  5.8
Fighting       | |  2.4
Throwing       | |  2.2
Dodging        | |  3.4

Action                   |  1- 3 |  4- 6 || total
-------------------------+-------+-------++-------
Melee: Quarterstaff      |    90 |     7 ||    97
       Headbutt          |    14 |     1 ||    15
  Use: Potion            |       |     1 ||     1
  Eat: Chunk             |     2 |       ||     2
Armor: Leather armour    |     9 |     3 ||    12
Dodge: Dodged            |    62 |     7 ||    69
